 Dungeon Crawl Stone Soup version 0.22-a0-348-gd16d139 (webtiles) character file.

52404 Klosterheim the Martial Artist (level 14, -10/122 HPs)
             Began as a White Draconian Transmuter on Apr 11, 2018.
             Was a High Priest of Sif Muna.
             Mangled by an orc knight
             ... wielding a +0 long sword
              (30 damage)
             ... on level 1 of the Orcish Mines.
             The game lasted 01:32:44 (30291 turns).

Klosterheim the Martial Artist (DrTm)              Turns: 30291, Time: 01:32:45

Health: -10/122    AC: 11    Str: 12    XL:     14   Next: 27%
Magic:  25/27      EV: 22    Int: 19    God:    Sif Muna [*****.]
Gold:   1119       SH:  0    Dex: 12    Spells: 6/32 levels left

rFire    + . .     SeeInvis .     - Unarmed
rCold    + . .     Gourm    .   (shield currently unavailable)
rNeg     . . .     Faith    +   (armour unavailable)
rPois    .         Spirit   .   G - +1 hat
rElec    .         Reflect  .   E - +0 cloak
rCorr    .         Harm     .   (gloves currently unavailable)
MR       +....                  N - +0 pair of boots
Stlth    +.........             F - amulet of faith
HPRegen  0.30/turn              s - ring of Phasing {EV+8}
MPRegen  0.20/turn              C - ring of protection from fire

@: blade hands (expiring), divine energy
A: breathe frost, unfitting armour, cold resistance 1, cold-blooded, AC +8
a: Breathe Frost, End Transformation, Stop Divine Energy, Channel Magic, Forget
Spell, Renounce Religion


You were on level 1 of the Orcish Mines.
You worshipped Sif Muna.
Sif Muna was extremely pleased with you.
You were not hungry.
You had blades for hands.
You visited 3 branches of the dungeon, and saw 18 of its levels.

You collected 1999 gold pieces.
You spent 880 gold pieces at shops.

Inventory:

Hand Weapons
 a - the +11 hunting sling of the Orange Skies (melded) {venom, rPois rC+ MR- Int+3}
   (You found it on level 4 of the Dungeon)

   It poisons the ammo it fires.
   It affects your intelligence (+3).
   It protects you from cold.
   It protects you from poison.
   It affects your resistance to hostile enchantments.
Missiles
 v - 27 arrows
 w - 482 stones (quivered)
Armour
 D - a +1 pair of gloves (melded)
 E - a +0 cloak (worn)
 G - a +1 hat (worn)
 N - a +0 pair of boots (worn)
Jewellery
 q - an uncursed ring of resist corrosion
 s - the ring of Phasing (left scythe-like blade) {EV+8}
   (You found it on level 9 of the Dungeon)

   [ring of evasion]

   It affects your evasion (+8).
 C - a ring of protection from fire (right scythe-like blade)
 F - an amulet of faith (around neck)
Wands
 e - a wand of digging (3)
 h - a wand of paralysis (5)
 k - a wand of random effects (73)
 y - a wand of enslavement (13)
 z - a wand of iceblast (3)
 H - a wand of acid (21)
 J - a wand of disintegration (23)
 M - a wand of flame (24)
Scrolls
 m - 2 scrolls of enchant armour
 n - 8 scrolls of remove curse
 o - a scroll of fear
 t - 5 scrolls of identify
 A - 9 scrolls of teleportation
 B - a scroll of amnesia
 I - a scroll of torment {unknown}
 L - 3 scrolls of fog
Potions
 b - 4 potions of lignification
 d - 2 potions of might
 f - a potion of flight
 g - 3 potions of mutation
 i - 4 potions of haste
 j - 2 potions of berserk rage
 l - a potion of invisibility
 p - 2 potions of brilliance
 r - 5 potions of curing
 x - 3 potions of agility
Comestibles
 c - 15 rations
 u - 2 chunks of flesh


   Skills:
 + Level 10.8 Fighting
 * Level 4.6 Dodging
 * Level 14.6 Unarmed Combat
 + Level 9.8 Spellcasting
 - Level 1.0 Hexes
 * Level 13.9 Transmutations
 - Level 5.0 Ice Magic
 - Level 1.0 Poison Magic


You had 6 spell levels left.
You knew the following spells:

 Your Spells              Type           Power        Failure   Level  Hunger
a - Ice Form              Ice/Tmut       #####...     19%         4    ###....
b - Blade Hands           Tmut           ######....   13%         5    #####..
c - Confusing Touch       Hex            ##....       32%         1    None
d - Spider Form           Tmut/Pois      #####.....   16%         3    None
e - Sticks to Snakes      Tmut           ######..     5%          2    None
f - Conjure Flame         Conj/Fire      #.......     65%         3    None
g - Hydra Form            Tmut           ######....   28%         6    ######.
h - Passwall              Tmut/Erth      #####.....   13%         2    None


Dungeon Overview and Level Annotations

Branches:
Dungeon (10/15)            Temple (0/1) D:5            Lair (6/6) D:8
  Swamp (0/4) Lair:2        Snake (0/4) Lair:3        Slime (0/5) Lair:6
    Orc (2/2) D:10            Elf (0/3) Orc:2

Altars:
Gozag
Hepliaklqana
Nemelex Xobeh
Qazlal
Sif Muna
Vehumet
Wu Jian
Xom
Zin
The Shining One
Jiyva

Shops:
Orc:2 :

Annotations:
Lair:2 exclusion: 2 oklob plants


Innate Abilities, Weirdness & Mutations

You can breathe waves of freezing cold.
You can buffet flying creatures when you breathe cold.
Your icy white scales are hard. (AC +8)
You cannot fit into any form of body armour.
Your flesh is cold resistant. (rC+)
You are cold-blooded and may be slowed by cold attacks.


Message History

The orc knight hits you with a long sword!!
You slice the orc knight!!
You tail-slap the orc knight, but do no damage.
The orc knight is severely wounded.
Your transformation is almost over.
You hit the orc knight.
The orc knight is severely wounded.
The orc knight hits you with a long sword!!!
* * * LOW HITPOINT WARNING * * *
You barely miss the orc knight.
The orc knight is severely wounded.
The orc knight hits you with a long sword!
* * * LOW HITPOINT WARNING * * *
You hit the orc knight.
The orc knight is severely wounded.
You slash the orc knight!
You tail-slap the orc knight, but do no damage.
The orc knight is almost dead.
The orc knight hits you with a long sword!!
You die...

##.....##.....[.####
###......##.#......#.##
##.#...................#
#..................##.##
#..................##.##
##..####..........##...#
##...####[.=.....####.##
#...[.)[o.[.......# ###
#####[##@[.......##
##)##.).#..##.##
##)####.#.)(####
##.#.######### ##.###.##
##.## ##.## #.## ##.##
### ##.## ##.#


You could see an orc knight.

Vanquished Creatures
  Gastronok (Lair:3)
  An orc warlord (Orc:2)
  A stone giant (Orc:2)
  Azrael (Orc:2)
  4 hydras
  2 two-headed ogres
  2 orc high priests (Orc:2)
  A wizard (D:10)
  Pikel (D:6)
  A lindwurm (Lair:6)
  4 orc knights
  A cyclops (Orc:2)
  7 orc sorcerers
  3 black mambas
  Maurice (D:9)
  2 molten gargoyles (Lair:6)
  14 spiny frogs
  2 rime drakes
  8 komodo dragons
  4 polar bears (Lair:4)
  Prince Ribbit (Lair:2)
  A hornet (D:8)
  2 trolls (Orc:1)
  19 blink frogs
  3 hippogriffs
  4 wyverns
  42 yaks
  2 steam dragons
  2 fire elementals (Orc:2)
  2 hungry ghosts
  6 basilisks
  Menkaure (D:7)
  4 nagas
  A swamp worm (Lair:2)
  A warg (Orc:1)
  10 hell hounds
  14 water moccasins
  Duvessa (D:6)
  20 orc warriors
  10 porcupines
  2 slaves (D:6)
  A necrophage (D:8)
  3 sky beasts
  3 wolves (Lair:3)
  10 ogres
  3 phantoms
  14 crocodiles
  A big kobold (D:9)
  15 bullfrogs
  Blork the orc (D:6)
  Dowan (D:6)
  3 scorpions
  3 troll zombies (D:10)
  2 vampire bats (D:6)
  A howler monkey (D:5)
  2 crimson imps
  5 lava snakes (Lair:6)
  A centaur zombie (D:9)
  5 hounds
  5 jellies
  20 orc priests
  A centaur skeleton (D:7)
  2 bullfrog skeletons
  2 iguanas
  19 orc wizards
  5 worker ants
  Terence (D:2)
  5 ogre zombies (D:10)
  A hound zombie (D:8)
  3 hound skeletons
  3 worker ant zombies
  3 adders
  2 shadow imps (D:9)
  8 oozes
  2 adder skeletons
  2 adder zombies (D:8)
  3 worms
  A dart slug (D:1)
  44 orcs
  2 ball pythons
  5 giant cockroaches
  21 goblins
  6 hobgoblins
  6 jackals
  A quokka (D:7)
  10 bats
  3 frilled lizards
  A goblin skeleton (D:10)
  A hobgoblin skeleton (D:10)
  3 hobgoblin zombies (D:10)
  3 jackal skeletons
  10 kobolds
  2 orc skeletons (D:10)
  18 orc zombies (D:10)
  A quokka skeleton (D:4)
  6 rats
  A plant (Lair:5)
515 creatures vanquished.

Vanquished Creatures (collateral kills)
  A fire dragon (Lair:6)
  An orc warrior (D:10)
  A bullfrog (Lair:4)
  Robin (D:3)
  A plant (Lair:6)
5 creatures vanquished.

Vanquished Creatures (others)
  A jelly (D:6)
  A leopard gecko (D:6)
  2 orcs (D:6)
  2 bushes (Lair:6)
  24 fungi
  18 plants
48 creatures vanquished.

Grand Total: 568 creatures vanquished

Notes
Turn   | Place    | Note
-------+----------+-------------------------------------------
     0 | D:1      | Klosterheim the Draconian Transmuter began the quest for the Orb.
     0 | D:1      | Reached XP level 1. HP: 16/16 MP: 3/3
   751 | D:1      | Reached XP level 2. HP: 23/23 MP: 3/5
   992 | D:1      | Learned a level 2 spell: Sticks to Snakes
  1685 | D:2      | Found a shimmering altar of Xom.
  2138 | D:2      | Found a deep blue altar of Sif Muna.
  2201 | D:2      | Reached XP level 3. HP: 21/28 MP: 2/6
  2359 | D:2      | Became a worshipper of Sif Muna the Loreminder
  2568 | D:2      | Noticed Terence
  2759 | D:2      | Killed Terence
  2986 | D:3      | Learned a level 1 spell: Confusing Touch
  3054 | D:3      | Reached XP level 4. HP: 35/36 MP: 4/7
  3300 | D:3      | Found a stormy altar of Qazlal.
  3422 | D:3      | Reached skill level 4 in Unarmed Combat
  3649 | D:3      | Learned a level 3 spell: Spider Form
  4237 | D:3      | Noticed Robin
  4355 | D:3      | Killed Robin
  4355 | D:3      | Reached XP level 5. HP: 24/41 MP: 4/8
  4634 | D:4      | Noticed an orc warrior
  4958 | D:4      | Reached skill level 1 in Poison Magic
  5270 | D:4      | Got an ancient hunting sling
  5271 | D:4      | Identified the +11 hunting sling of the Orange Skies {venom, rPois rC+ MR- Int+3} (You found it on level 4 of the Dungeon)
  5892 | D:3      | Reached * piety under Sif Muna
  5892 | D:3      | Reached ** piety under Sif Muna
  5892 | D:3      | Reached skill level 8 in Unarmed Combat
  5892 | D:3      | Reached skill level 5 in Spellcasting
  5892 | D:3      | Reached XP level 6. HP: 50/50 MP: 9/14
  5893 | D:3      | Reached *** piety under Sif Muna
  5893 | D:3      | Reached skill level 10 in Unarmed Combat
  5893 | D:3      | Your scales start taking on an icy white colour.
  5893 | D:3      | Reached XP level 7. HP: 60/60 MP: 9/16
  5893 | D:3      | Gained mutation: Your flesh is cold resistant. (rC+) [White Draconian growth]
  5899 | D:3      | Learned a level 4 spell: Ice Form
  6233 | D:4      | Reached XP level 8. HP: 31/67 MP: 13/17
  6238 | D:4      | Reached skill level 1 in Hexes
  6452 | D:4      | Reached skill level 1 in Ice Magic
  6666 | D:5      | Entered Level 5 of the Dungeon
  6669 | D:5      | Reached skill level 10 in Transmutations
  6762 | D:5      | Found a glowing silver altar of Zin.
  7214 | D:5      | Reached skill level 5 in Fighting
  7221 | D:5      | Found a staircase to the Ecumenical Temple.
  7573 | D:6      | Found the +4 Vampire's Tooth {vamp}
  7603 | D:6      | Noticed Duvessa
  7603 | D:6      | Noticed Dowan
  7621 | D:6      | Killed Duvessa
  7745 | D:6      | Noticed Blork the orc
  7749 | D:6      | Killed Blork the orc
  7805 | D:6      | Killed Dowan
  7805 | D:6      | Reached XP level 9. HP: 74/74 MP: 14/19
  7902 | D:6      | Noticed Pikel
  7917 | D:6      | Killed Pikel
  8308 | D:6      | Found an ornate altar of the Wu Jian Council.
  8739 | D:7      | Noticed Menkaure
  8749 | D:7      | Killed Menkaure
  9918 | D:8      | Reached **** piety under Sif Muna
 10064 | D:8      | Found a staircase to the Lair.
 10142 | D:8      | Paralysed by a hornet for 1 turns
 10285 | D:9      | Found an opulent altar of Gozag.
 10297 | D:9      | Noticed a two-headed ogre
 10324 | D:9      | Killed a two-headed ogre
 10324 | D:9      | Reached skill level 11 in Unarmed Combat
 10324 | D:9      | Reached XP level 10. HP: 26/83 MP: 18/20
 10665 | D:9      | Reached skill level 5 in Ice Magic
 10767 | D:9      | Found a radiant altar of Vehumet.
 10774 | D:9      | Found a hazy altar of Hepliaklqana.
 10810 | D:9      | Found a sparkling altar of Nemelex Xobeh.
 10985 | D:9      | Found the ring of Phasing {EV+8}
 11171 | D:9      | Noticed Maurice
 11174 | D:9      | Paralysed by Maurice for 2 turns
 11181 | D:9      | Paralysed by Maurice for 4 turns
 11188 | D:9      | Killed Maurice
 11435 | D:9      | Found a glowing golden altar of the Shining One.
 11818 | Lair:1   | Entered Level 1 of the Lair of Beasts
 12237 | Lair:1   | Noticed an eight-headed hydra
 12253 | Lair:1   | Killed an eight-headed hydra
 12331 | Lair:1   | Noticed a spiny frog
 12339 | Lair:1   | Killed a spiny frog
 12639 | Lair:1   | Identified Eremny's Reference Book on Poisonous Fire
 13119 | Lair:1   | Learned a level 5 spell: Blade Hands
 13128 | Lair:1   | Reached XP level 11. HP: 72/92 MP: 16/22
 13526 | Lair:2   | Noticed Prince Ribbit
 13762 | Lair:2   | Noticed a seven-headed hydra
 14528 | Lair:2   | Noticed an oklob plant
 14905 | Lair:2   | Found a staircase to the Swamp.
 14937 | Lair:2   | Killed Prince Ribbit
 15182 | Lair:2   | Learned a level 3 spell: Conjure Flame
 15196 | Lair:2   | Killed a seven-headed hydra
 15196 | Lair:2   | Reached skill level 12 in Unarmed Combat
 15529 | Lair:2   | Noticed an oklob plant
 15877 | Lair:3   | Noticed Gastronok
 15992 | Lair:3   | Killed Gastronok
 15992 | Lair:3   | Reached ***** piety under Sif Muna
 15992 | Lair:3   | Received a gift from Sif Muna
 16898 | Lair:3   | Reached XP level 12. HP: 103/103 MP: 20/24
 17594 | Lair:3   | Found a staircase to the Snake Pit.
 17863 | Lair:3   | Got a scorched trident
 17864 | Lair:3   | Identified the cursed +2 trident "Ipar" {venom, -Tele rPois Dex+5} (You found it on level 3 of the Lair of Beasts)
 18203 | Lair:4   | Noticed a four-headed hydra
 18213 | Lair:4   | Killed a four-headed hydra
 18891 | Lair:4   | Reached skill level 13 in Unarmed Combat
 19122 | Lair:4   | Identified a scroll of acquirement
 20916 | Lair:6   | Entered Level 6 of the Lair of Beasts
 20928 | Lair:5   | Reached XP level 13. HP: 94/111 MP: 21/25
 21160 | Lair:6   | Found a viscous altar of Jiyva.
 21160 | Lair:6   | Found a staircase to the Slime Pits.
 21257 | Lair:5   | Identified Sif Muna's Disquisition on Damaging Transmigration (Sif Muna gifted it to you on level 5 of the Lair of Beasts)
 21257 | Lair:5   | Received a gift from Sif Muna
 22683 | Lair:6   | Reached skill level 10 in Fighting
 23578 | Lair:6   | Got a colourful robe
 23631 | Lair:6   | Noticed a fire dragon
 23677 | Lair:6   | Found a large runed door.
 23743 | Lair:6   | Found a large runed door.
 23780 | Lair:6   | Killed a fire dragon
 24303 | D:10     | Entered Level 10 of the Dungeon
 24477 | D:10     | Reached skill level 14 in Unarmed Combat
 24672 | D:10     | Found a staircase to the Orcish Mines.
 24851 | Orc:1    | Entered Level 1 of the Orcish Mines
 25124 | D:10     | Identified Cado's Compendium of the Mountains (Sif Muna gifted it to you on level 10 of the Dungeon)
 25124 | D:10     | Received a gift from Sif Muna
 26183 | Orc:2    | Entered Level 2 of the Orcish Mines
 27283 | Orc:2    | Paralysed by an orc sorcerer for 5 turns
 28295 | Orc:2    | Found Kahah's Book Shop.
 28304 | Orc:2    | Bought a book of Transfigurations for 880 gold pieces
 28325 | Orc:2    | Learned a level 6 spell: Hydra Form
 28328 | Orc:2    | Learned a level 2 spell: Passwall
 28466 | Orc:2    | Noticed an orc warlord
 28489 | Orc:2    | Killed an orc warlord
 28489 | Orc:2    | Reached XP level 14. HP: 116/122 MP: 24/27
 28663 | Orc:2    | Noticed a stone giant
 28824 | Orc:2    | Killed a stone giant
 28856 | Orc:2    | Found a staircase to the Elven Halls.
 29054 | Orc:2    | Noticed Azrael
 29375 | Orc:2    | Killed Azrael
 30291 | Orc:1    | Mangled by an orc knight

Vault maps used:
D:1:      tarquinn_simple_flora_water_d
D:2:      xom_butterflies, led_sif_pool, uniq_terence
D:3:      kennysheep_goblin_castle, old_standard_altar
D:5:      minmay_temple_entry_grid, basic_altar, first_ration
D:6:      basic_altar, minmay_guarded_unrand_vampires_tooth, uniq_duvessa,
          uniq_pikel, uniq_blork_the_orc
D:7:      uniq_menkaure
D:8:      wad_pebble_path, lair_entry_dummy, hangedman_little_slice_of_home
D:9:      grunt_gozag_statues, lemuel_coloured_pillars_altar,
          grunt_temple_overflow_open, uniq_maurice
D:10:     zombieorc2_lemuel, serial_column_ruins, column_ruins_hut_ruined,
          column_ruins_square_huge, column_ruins_open_large,
          column_ruins_corridor_straight, column_ruins_columns_straight,
          serial_park_tiny_pond, minmay_misc_feat_iff, stair_cage_line
Lair:2:   minmay_swamp_entry_worms, minmay_lair_oklob_chamber,
          infiniplex_staircase_pool, uniq_prince_ribbit2
Lair:3:   minmay_snake_entry_guardpost_medium, minmay_holes,
          beast_lair_carwin_9, lemuel_fruit_fields, uniq_gastronok
Lair:4:   beast_lair_carwin_2
Lair:6:   cheibrodos_lair_end_hotspot, slime_altar_1, small_statue_intersection,
          st_stairs_11
Orc:2:    st_orc_elflike, serial_shops, shop_statue, uniq_azrael

Skill      XL: |  1  2  3  4  5  6  7  8  9 10 11 12 13 |
---------------+----------------------------------------+-----
Transmutations | 3 8 9 10 11 12 13 | 13.9
Fighting       | 2 4 5 7 8 9 10 | 10.8
Unarmed Combat | 4 8 10 11 12 13 14 | 14.6
Poison Magic   | 1 |  1.0
Spellcasting   | 5 6 7 8 9 |  9.8
Hexes          | 1 |  1.0
Ice Magic      | 2 4 5 |  5.0
Dodging        | 4 |  4.6

Action                   |  1- 3 |  4- 6 |  7- 9 | 10-12 | 13-15 || total
-------------------------+-------+-------+-------+-------+-------++-------
Melee: Unarmed           |   131 |   181 |   218 |   375 |   544 ||  1449
       Tailslap          |    11 |    22 |    12 |    17 |    16 ||    78
       Kick              |     8 |     5 |     1 |       |       ||    14
       Headbutt          |     5 |     2 |       |       |       ||     7
       Punch             |     1 |     3 |     3 |     4 |    13 ||    24
 Fire: Hunting sling     |       |     2 |    67 |   225 |    99 ||   393
Throw: Stone             |       |       |     1 |       |       ||     1
 Cast: Beastly Appendage |    23 |     7 |     1 |       |       ||    31
       Sticks to Snakes  |     4 |     2 |       |     1 |    14 ||    21
       Confusing Touch   |     2 |    12 |    24 |     8 |    21 ||    67
       Spider Form       |       |     1 |    17 |     7 |       ||    25
       Ice Form          |       |       |       |    28 |    29 ||    57
       Blade Hands       |       |       |       |    12 |    23 ||    35
       Conjure Flame     |       |       |       |     1 |       ||     1
       Hydra Form        |       |       |       |       |     4 ||     4
       Passwall          |       |       |       |       |     1 ||     1
Invok: Divine Energy     |       |       |     1 |       |       ||     1
 Abil: End Transformatio |       |       |     1 |       |     2 ||     3
       Breathe Frost     |       |       |     1 |       |       ||     1
Evoke: Wand              |       |       |       |     4 |     3 ||     7
  Use: Scroll            |       |     5 |     8 |    11 |     4 ||    28
       Potion            |       |     2 |     1 |       |     3 ||     6
 Stab: Confused          |       |     3 |    13 |     1 |     5 ||    22
       Sleeping          |       |       |     1 |       |       ||     1
  Eat: Chunk             |     7 |     7 |    14 |    26 |    22 ||    76
       Ration            |       |     1 |       |     4 |     3 ||     8
Armor: Skin              |    36 |    51 |    37 |    56 |    74 ||   254
Dodge: Dodged            |    72 |   113 |   113 |   384 |   463 ||  1145

Table legend:
 A = Spawn XP
 B = Non-spawn XP
 C = Spawn XP percentage of total XP
 D = Spawn monster count
 E = Non-spawn monster count
 F = Spawn count percentage of total count
 G = Total turns spent on level
                    A         B        C        D         E        F      G
               +---------+---------+-------+---------+---------+-------+---------
         Total |       0 |   73985 |   0.0 |       0 |     516 |   0.0 | 30291
               +---------+---------+-------+---------+---------+-------+---------
           D:1 |       0 |      27 |   0.0 |       0 |      17 |   0.0 |  1426
           D:2 |       0 |      65 |   0.0 |       0 |      15 |   0.0 |  1740
           D:3 |       0 |     141 |   0.0 |       0 |      37 |   0.0 |  2566
           D:4 |       0 |     648 |   0.0 |       0 |      21 |   0.0 |   934
           D:5 |       0 |     632 |   0.0 |       0 |      11 |   0.0 |   732
           D:6 |       0 |    1361 |   0.0 |       0 |      20 |   0.0 |  1147
           D:7 |       0 |     281 |   0.0 |       0 |       7 |   0.0 |   826
           D:8 |       0 |    1742 |   0.0 |       0 |      24 |   0.0 |  1294
           D:9 |       0 |    2583 |   0.0 |       0 |      30 |   0.0 |  1721
          D:10 |       0 |    3746 |   0.0 |       0 |      66 |   0.0 |  1592
        Lair:1 |       0 |    3050 |   0.0 |       0 |      12 |   0.0 |  1852
        Lair:2 |       0 |    5137 |   0.0 |       0 |      23 |   0.0 |  1694
        Lair:3 |       0 |    9262 |   0.0 |       0 |      35 |   0.0 |  2159
        Lair:4 |       0 |    7850 |   0.0 |       0 |      30 |   0.0 |  2082
        Lair:5 |       0 |    4935 |   0.0 |       0 |      24 |   0.0 |  1156
        Lair:6 |       0 |   13579 |   0.0 |       0 |      52 |   0.0 |  3018
         Orc:1 |       0 |    8094 |   0.0 |       0 |      54 |   0.0 |  3031
         Orc:2 |       0 |   10852 |   0.0 |       0 |      38 |   0.0 |  1321
               +---------+---------+-------+---------+---------+-------+---------
